Map: Acropolis LE

Players

Vindicta

  • Race: Terran Terran
  • Spawn Location: 11:00

Astrea - Winner!

  • Race: Protoss Protoss
  • Spawn Location: 5:00

VOD

Have the link to the VOD?

Description

Time

  • Played on: Sept. 6, 2019, 3:56 p.m.
  • Length: 10:25
Show
View Real Time Build Order
Export as new Build Order

Vindicta Terran 

Build Orders: Gas First Reaper Expand, Banshee Rush 

Get SALT Encoding   

  12  0:00  SCV  
  13  0:12  SCV  
  14  0:17  Supply Depot  
  14  0:24  SCV  
  14  0:28  Refinery  
  15  0:39  SCV  
  16  0:44  Barracks  
  16  0:51  SCV  
  17  1:03  SCV  
  18  1:15  SCV  
  19  1:31  Orbital Command, Reaper  
  20  1:44  Command Center  
  20  1:55  Factory  
  20  1:58  SCV  
  21  2:05  Reaper  
  22  2:09  Supply Depot  
  22  2:16  SCV  
  22  2:18  Refinery  
  23  2:31  SCV  
  24  2:39  Hellion  
  24  2:40  Barracks Reactor  
  24  2:43  SCV  
  27  2:52  Starport  
  27  2:55  SCV  
  27  2:56  Orbital Command  
  28  3:05  Factory Tech Lab  
  28  3:10  SCV  
  28  3:16  Marine  
  28  3:17  Marine  
  30  3:21  SCV  
  30  3:22  SCV  
  32  3:32  Supply Depot  
  32  3:33  SCV, Cloaking Field  
  33  3:34  Marine x2  
  33  3:36  Banshee  
  33  3:38  Factory Tech Lab  
  33  3:40  SCV  
  37  3:45  SCV  
  38  3:52  Marine x2, SCV  
  38  3:54  Supply Depot  
  41  3:57  SCV  
  41  4:01  Siege Tank  
  45  4:04  SCV  
  45  4:09  SCV  
  47  4:10  Marine x2  
  47  4:15  Bunker  
  47  4:16  SCV  
  50  4:20  Banshee  
  50  4:21  SCV  
  53  4:28  SCV  
  54  4:34  Command Center  
  54  4:35  SCV  
  55  4:38  Marine  
  55  4:39  Marine  
  55  4:40  SCV  
  58  4:47  Siege Tank, SCV  
  60  4:53  SCV  
  60  4:56  Supply Depot  
  60  4:59  SCV  
  62  5:00  Supply Depot  
  62  5:10  SCV  
  62  5:17  Barracks, SCV  
  62  5:19  Barracks  
  63  5:21  Starport Reactor  
  63  5:22  SCV  
  63  5:24  Refinery  
  63  5:25  Refinery  
  61  5:29  Supply Depot, SCV, Engineering Bay  
  61  5:32  Stimpack, Engineering Bay  
  61  5:35  SCV  
  63  5:41  Marauder, Factory Reactor, SCV  
  66  5:47  Orbital Command, SCV  
  67  5:54  SCV  
  67  5:55  Terran Infantry Weapons Level 1  
  68  5:59  Terran Infantry Armor Level 1, SCV  
  69  6:05  Marine  
  69  6:06  SCV  
  69  6:07  Barracks  
  69  6:10  Barracks  
  69  6:11  SCV  
  72  6:12  Medivac, Viking  
  72  6:16  Marine  
  72  6:17  Marine  
  72  6:18  SCV  
  79  6:20  Widow Mine  
  79  6:21  Widow Mine  
  79  6:23  Orbital Command, SCV  
  79  6:24  Marine  
  79  6:25  Supply Depot, Marine  
  86  6:30  Combat Shield  
  86  6:33  Marine, SCV  
  86  6:36  Supply Depot, Marine  
  89  6:40  SCV  
  89  6:43  Ghost Academy  
  89  6:45  SCV  
  89  6:46  Marauder x2  
  95  6:50  SCV  
  95  6:52  SCV  
  97  6:57  Marine, SCV  
  97  7:00  Armory  
  99  7:01  Barracks Tech Lab, Barracks Reactor  
  99  7:03  SCV  
  99  7:04  SCV  
  99  7:05  Medivac  
  99  7:06  Marine  
  104  7:09  Medivac  
  104  7:10  SCV  
  104  7:13  Marine  
  104  7:14  Refinery  
  104  7:15  Bunker, Refinery, SCV  
  109  7:17  SCV  
  110  7:23  SCV  
  110  7:27  Widow Mine x2, Ghost  
  116  7:31  SCV  
  117  7:37  Marine  
  117  7:39  Enhanced Shockwaves  
  117  7:48  Supply Depot  
  117  7:49  Supply Depot  
  117  7:50  Supply Depot x2  
  117  7:52  Missile Turret  
  117  8:09  Terran Infantry Weapons Level 2, Ghost  
  117  8:10  Widow Mine x2, SCV, Marine x6  
  117  8:11  SCV x2  
  117  8:12  Supply Depot  
  129  8:23  SCV  
  130  8:28  Starport, Fusion Core, Marine x4  
  130  8:29  Marauder x2  
  130  8:30  Supply Depot  
  130  8:32  Command Center  
  138  8:35  Supply Depot  
  138  8:39  Marauder  
  140  8:42  Barracks  
  140  8:45  Barracks, Marine  
  140  8:46  Marine x2  
  143  8:49  Ghost x2  
  146  8:59  Ghost  
  144  9:02  Marine  
  144  9:03  Marine  
  144  9:07  Marine x2  
  144  9:08  Starport Tech Lab  
  145  9:16  Missile Turret  
  130  9:18  Ghost x2  
  130  9:23  Medivac  
  131  9:25  Marine  
  131  9:27  Marine  
  131  9:29  Marauder  
  135  9:33  Marine  
  135  9:37  Marine  
  136  9:42  Marine  
  136  9:43  Marine x2  
  136  9:45  Marine  
  125  9:47  Marauder, Marine  
  125  9:50  Medivac, Marine  
  125  9:51  Marine  
  122  9:55  Marine  
  122  9:57  SCV  
  122  9:59  Marine  
  100  10:01  Marine x2  
  100  10:03  Marine  
Show
View Real Time Build Order
Export as new Build Order

Astrea Protoss - Winner!

Build Orders: 1 Gate Expand, Double Forge, Blink Stalkers 

Get SALT Encoding   

  12  0:00  Probe  
  13  0:13  Probe  
  14  0:16  Pylon  
  14  0:23  Probe  
  15  0:31  Probe  
  16  0:36  Gateway  
  16  0:39  Probe  
  16  0:46  Assimilator  
  17  0:51  Probe  
  18  1:03  Probe  
  19  1:18  Nexus  
  19  1:27  Cybernetics Core  
  19  1:30  Probe  
  20  1:37  Assimilator  
  20  1:42  Probe  
  21  1:49  Pylon  
  21  1:55  Probe  
  21  1:57  Adept  
  22  2:03  Probe  
  22  2:07  Warp Gate  
  25  2:11  Probe  
  25  2:19  Stalker  
  25  2:21  Probe  
  26  2:28  Twilight Council  
  29  2:31  Probe  
  29  2:33  Probe  
  31  2:44  Probe  
  32  2:45  Probe  
  32  2:46  Blink  
  32  2:47  Stalker  
  35  2:56  Probe  
  35  2:58  Probe  
  37  3:09  Probe  
  37  3:10  Probe  
  39  3:21  Probe  
  39  3:22  Probe  
  39  3:23  Gateway  
  39  3:24  Gateway  
  41  3:33  Probe  
  42  3:38  Probe  
  43  3:42  Robotics Facility  
  43  3:45  Probe  
  43  3:46  Pylon  
  44  3:54  Nexus  
  44  3:55  Probe  
  44  3:58  Probe  
  46  4:07  Pylon  
  46  4:08  Probe  
  46  4:09  Stalker  
  49  4:10  Probe  
  49  4:13  Assimilator  
  50  4:17  Stalker  
  50  4:20  Probe  
  53  4:24  Probe  
  53  4:27  Observer  
  53  4:28  Pylon  
  55  4:33  Probe  
  55  4:35  Stalker x2  
  60  4:41  Observer, Probe  
  61  4:46  Probe  
  61  4:49  Forge  
  61  4:50  Charge  
  61  4:51  Forge  
  63  4:54  Probe  
  63  4:59  Probe  
  65  5:00  Protoss Ground Armor Level 1  
  65  5:01  Stalker  
  65  5:02  Stalker  
  65  5:05  Observer, Protoss Ground Weapons Level 1  
  65  5:06  Probe  
  69  5:11  Probe  
  68  5:16  Probe  
  68  5:24  Probe  
  68  5:30  Probe x2  
  70  5:37  Probe  
  70  5:42  Probe  
  72  5:43  Probe  
  72  5:46  Nexus  
  72  5:49  Probe  
  74  5:54  Probe  
  74  5:55  Pylon, Probe  
  76  6:01  Probe, Sentry  
  79  6:05  Gateway x2  
  79  6:06  Probe  
  79  6:07  Gateway  
  79  6:08  Gateway, Probe  
  79  6:11  Warp Prism  
  81  6:14  Probe  
  81  6:16  Pylon  
  84  6:19  Probe  
  84  6:23  Probe  
  84  6:25  Pylon  
  86  6:26  Probe  
  86  6:30  Gateway  
  86  6:31  Probe  
  88  6:35  Gateway  
  88  6:39  Probe  
  90  6:40  Pylon, Probe  
  90  6:43  Probe  
  90  6:46  Protoss Ground Weapons Level 2  
  91  6:47  Observer  
  91  6:51  Probe, Zealot x2, Sentry  
  91  6:52  Protoss Ground Armor Level 2  
  98  6:55  Probe x2  
  98  6:58  Pylon  
  98  6:59  Pylon  
  100  7:01  Zealot x3  
  100  7:04  Probe  
  100  7:06  Zealot  
  100  7:07  Gateway x2  
  109  7:11  Probe x3  
  109  7:12  Zealot x2  
  109  7:14  Zealot  
  118  7:16  Probe  
  119  7:26  Pylon  
  119  7:38  Zealot x4  
  119  7:40  Zealot x5  
  137  7:47  Pylon  
  137  7:49  Pylon  
  137  7:52  Immortal  
  141  8:07  Zealot x11  
  141  8:11  Pylon  
  163  8:12  Pylon  
  163  8:23  Nexus  
  163  8:27  Stalker x4  
  171  8:39  Robotics Bay  
  171  8:43  Pylon  
  170  8:58  Zealot  
  170  8:59  Zealot x8  
  170  9:01  Zealot x2  
  170  9:02  Zealot  
  166  9:14  Zealot x7  
  166  9:15  Zealot  
  176  9:18  Warp Prism  
  166  9:29  Probe  
  169  9:32  Zealot  
  169  9:33  Zealot x2  
  169  9:36  Zealot x8, Assimilator x2  
  169  9:38  Probe x2  
  193  9:40  Robotics Facility  
  130  10:00  Zealot x11  
Tags
 
Add a new tag
Caveats
  • Supply blocks, unpowered buildings, or Contaminate may cause inaccurate times.
  • Supply counts are checked every 10 seconds.